AoeStats
← John Hawkwood

Hideout

508951336Analyzed
1v1 RM · 8d ago on Sep 24, 2026· 17m 46s· 2 players
Game mode
Random Map
Map size
Tiny (2 player)
Population
200
Speed
Normal
Resources
Standard
Victory
Conquest
Starting age
Dark Age
Ending age
Imperial Age
RankedLock teamsTeams togetherTeam positionsShared explorationLock speedFull tech treeHidden civsTurbo modeCheats
Victory
Defeat
🇬🇧 Bohemians · United Kingdom
1080
+16
🇺🇸 Mongols · United States
1073
-16
John Hawkwood
10:20 Feudal Age
9:00 Loom
11:01 Double-Bit Axe
13:30 Fletching
14:28 Loom
15:14 Padded Archer Armor
15:52 Horse Collar
SirDaz
10:29 Feudal Age
9:52 Loom
14:56 Castle Age
14:13 Double-Bit Axe
14:18 Horse Collar
16:38 Fervor
Connection lost

Rejoining the realm…

Still unreachable

The connection could not be restored.

Session expired

The server has moved on; the page needs a fresh start.